 Dungeon Crawl Stone Soup version 0.14-a0-2061-g6c6fb9c (webtiles) character file.

9685 M4edhros the Slinger (level 11, -8/63 HPs)
             Began as an Octopode Hunter on Jan 22, 2014.
             Was a Priest of Fedhas.
             Killed from afar by an orc wizard (11 damage)
             ... with a magic dart
             ... on Level 1 of the Orcish Mines.
             The game lasted 00:47:42 (11492 turns).

M4edhros the Slinger (Octopode Hunter)             Turns: 11492, Time: 00:47:43

HP  -8/63        AC  1     Str 13      XL: 11   Next: 40%
MP  20/22        EV 12     Int 14      God: Fedhas [***...]
Gold 603         SH  0     Dex 16      Spells:  0 memorised, 10 levels left

rFire  . . .     SeeInvis .     k - +1,+0 spear (flame)
rCold  . . .     Clarity  +     (no shield)
rNeg   + . .     Conserve .     (helmet restricted)
rPois  .         rCorr    .     t - amulet of rage
rElec  .         rRot     .     v - ring of positive energy
SustAb . .       Spirit   .     (no ring)
rMut   .         Warding  .     (no ring)
Saprov . . .     Rnd*Tele +     (no ring)
MR     +....                    (no ring)
                                (no ring)
                                (no ring)
                                (no ring)

@: somewhat resistant to hostile enchantments, quite stealthy
A: almost no armour, amphibious, 8 rings, constrict 8, spike 1, camouflage 1,
clarity, deformed body, magic resistance 1, strong 1, teleportitis 1, wild magic
1, gelatinous body 1
a: Evolution, Sunlight, Growth, Renounce Religion, Evoke Berserk Rage


You were on level 1 of the Orcish Mines.
You worshipped Fedhas.
Fedhas was most pleased with you.
You were hungry.

You visited 3 branches of the dungeon, and saw 13 of its levels.

You collected 603 gold pieces.

Inventory:

Hand weapons
 b - a +3,+4 sling of velocity
 k - a +1,+0 spear of flaming (weapon)
 q - the +5,+8 dire flail of Departure {venom, Contam Str+3 Int+2}
   (You found it on level 9 of the Dungeon)

   It poisons the flesh of those it strikes.
   It affects your strength (+3).
   It affects your intelligence (+2).
   It causes magical contamination when unequipped.
Missiles
 c - 102 sling bullets
 e - 62 stones
 x - 7 javelins (quivered)
 C - a throwing net
Magical devices
 y - a wand of fireball (3)
 z - a wand of cold (5)
 B - a wand of enslavement (10)
 E - a wand of cold (5)
 G - a wand of lightning (7) {unknown}
 J - a wand of slowing (5) {unknown}
Comestibles
 g - 3 apples
 n - 4 meat rations
 o - a choko
 H - a pear
Scrolls
 d - 4 scrolls of identify
 i - 2 scrolls of magic mapping
 j - 5 scrolls of remove curse
 p - 4 scrolls of recharging
 s - 2 scrolls of enchant armour
 D - 3 scrolls of enchant weapon II
 K - a scroll of enchant weapon I
 L - a scroll of teleportation
Jewellery
 t - an amulet of rage (around mantle)
 v - a ring of positive energy (left tentacle)
Potions
 a - 3 potions of brilliance
 f - a potion of resistance
 l - a potion of speed
 m - a potion of agility {unknown}
 u - 2 potions of restore abilities
 w - a potion of might
Books
 r - the Collected Works on Beguiling
   (You found it on level 6 of the Dungeon)

   Spells                             Type                      Level
   Sure Blade                         Hexes/Charms                 2
   Slow                               Hexes                        2
   Confuse                            Hexes                        3
   Enslavement                        Hexes                        4
   Silence                            Hexes/Air                    5
 F - a book of Maledictions

   Spells                             Type                      Level
   Corona                             Hexes                        1
   Sure Blade                         Hexes/Charms                 2
   Ensorcelled Hibernation            Hexes/Ice                    2
   Confuse                            Hexes                        3
   Enslavement                        Hexes                        4
   Invisibility                       Hexes                        6


   Skills:
 - Level 1.0 Fighting
 + Level 14.7 Slings
 - Level 8.1 Throwing
 - Level 2.0 Dodging
 - Level 1.3 Stealth
 + Level 7.6 Invocations


You had 10 spell levels left.
You didn't know any spells.

Dungeon Overview and Level Annotations

Branches:
Dungeon (11/16)            Temple (1/1) D:7             Orc (1/4) D:10
   Lair (0/8) D:8

Altars:
Ashenzari
Cheibriados
Dithmengos
Elyvilon
Fedhas
Kikubaaqudgha
Makhleb
Nemelex Xobeh
Okawaru
Sif Muna
Trog
Vehumet
Xom
Yredelemnul
Zin
the Shining One
Beogh

Portals:
Trove: D:10 (give +4,+5 demon whip)

Annotations:
D:6 exclusion: 2 killer bees
D:9 exclusion: door


Innate Abilities, Weirdness & Mutations

You cannot wear most types of armour.
You are amphibious.
You can wear up to eight rings at the same time.
You can use your tentacles to constrict many enemies at once.
Your skin changes colour to match your surroundings (Stlth).
Your rubbery body absorbs attacks (AC +1).
One of your tentacles bears a spike.
You possess an exceptional clarity of mind.
Your body is misshapen.
You are resistant to hostile enchantments.
Your muscles are strong. (Str +2)
Space occasionally distorts in your vicinity.
Your spells are a little harder to cast, but a little more powerful.


Message History

Evoke which item? (* to show all) (? for menu, Esc to quit)
Okay, then.
Use which ability? (? or * to list)
Okay, then.
Drink which item? (? for menu, Esc to quit)
Okay, then.
You don't know any spells.
Read which item? (? for menu, Esc to quit)
Okay, then.
Evoke which item? (* to show all) (? for menu, Esc to quit)
Okay, then.
Evoke which item? (* to show all) (? for menu, Esc to quit)
Okay, then.
The orc closely misses the orc.
Your wandering mushroom hits the orc warrior.
The orc warrior dies!
The orc wizard points at you and mumbles some strange words.
The magic dart hits you!
You die...
Fedhas appreciates your contribution to the ecosystem.

... .. #....
...##.... .....#...
.#.$...... ##
.......... #.###
#........##....###
#.#..))[o........##
#......f...@.......#
#.#...%foo.....#..#
#...#))oo...##
##........###
#.#.........#
.............. $
.............
.............
...#.......


You could see an orc wizard, 4 orcs and 2 friendly wandering mushrooms.

Vanquished Creatures
  A centaur warrior (D:8)
  A skeletal warrior (D:10)
  Joseph (D:7)
  A necromancer (D:10)
  2 trolls (D:10)
  A two-headed ogre (D:8)
  A shadow (D:10)
  2 manticores (D:8)
  A merfolk (D:7)
  2 sky beasts
  A phantom (D:8)
  2 orc warriors
  An ice beast (D:11)
  4 ogres
  2 centaurs
  A water moccasin (D:7)
  A big kobold (D:9)
  A crocodile (D:8)
  8 giant frogs
  2 cyclops skeletons (D:10)
  2 manticore skeletons
  2 wights
  The ghost of HollowCharge the Skirmisher, a weakling MfFi of Okawaru (D:3)
  2 jellyfish (D:7)
  A killer bee (D:9)
  A troll skeleton (D:10)
  3 goliath beetles (D:10)
  A yak skeleton (D:10)
  7 crimson imps
  6 orc priests
  A giant frog skeleton (D:10)
  3 jellies
  4 hounds
  A quasit (D:8)
  5 big fish (D:7)
  4 iguanas
  8 orc wizards
  4 worker ants
  A scorpion (D:6)
  Jessica (D:2)
  A mottled dragon skeleton (D:10)
  A hound skeleton (D:4)
  8 adders
  A worm zombie (D:5)
  A giant centipede (D:9)
  3 giant mites
  8 worms
  An adder skeleton (D:10)
  An adder zombie (D:7)
  5 giant eyeballs
  7 giant geckos
  An ooze (D:4)
  55 orcs
  2 ball pythons
  16 bats
  A bat skeleton (D:5)
  13 goblins
  12 hobgoblins
  11 jackals
  4 quokkas
  A ball python skeleton (D:5)
  2 giant cockroaches (D:3)
  9 giant newts
  A goblin skeleton (D:4)
  17 kobolds
  11 rats
287 creatures vanquished.

Vanquished Creatures (collateral kills)
  A hill giant (D:8)
  A centaur (D:9)
  A komodo dragon (D:8)
  A wraith (D:10)
  A trapdoor spider (D:11)
  2 hungry ghosts
  A wyvern (D:10)
  2 flying skulls (D:10)
  2 sky beasts (D:8)
  A fire bat (D:9)
  A hill giant skeleton (D:10)
  A phantom (D:9)
  4 orc warriors
  A giant frog (D:8)
  A wight (D:10)
  A goliath beetle (D:10)
  4 killer bees (D:9)
  2 giant frog skeletons (D:10)
  An orc priest (D:8)
  An iguana (D:10)
  A two-headed ogre skeleton (D:10)
  A killer bee zombie (D:10)
  2 hound skeletons (D:10)
  An inept feature mimic (D:9)
  An iguana skeleton (D:10)
  11 orcs
  A kobold (D:8)
  A giant gecko skeleton (D:8)
  A goblin (Orc:1)
  A kobold zombie (D:8)
  2 orc zombies (D:10)
  A rat (D:8)
54 creatures vanquished.

Vanquished Creatures (others)
  9 wandering mushrooms
  A fire vortex (D:9)
  4 necrophages (D:10)
  2 killer bee zombies (D:10)
  105 toadstools
121 creatures vanquished.

Grand Total: 462 creatures vanquished

Notes
Turn   | Place    | Note
--------------------------------------------------------------
     0 | D:1      | M4edhros, the Octopode Hunter, began the quest for the Orb.
     0 | D:1      | Reached XP level 1. HP: 13/13 MP: 1/1
    30 | D:1      | Reached XP level 2. HP: 18/18 MP: 2/2
   352 | D:1      | Reached XP level 3. HP: 2/23 MP: 3/3
   639 | D:1      | Reached skill level 5 in Slings
  1025 | D:2      | Noticed Jessica
  1031 | D:2      | Killed Jessica
  1031 | D:2      | Reached XP level 4. HP: 8/28 MP: 4/4
  1344 | D:2      | Reached skill level 6 in Slings
  1681 | D:2      | Reached XP level 5. HP: 33/33 MP: 5/5
  1931 | D:3      | Noticed HollowCharge's ghost (weakling MfFi)
  1942 | D:3      | Killed HollowCharge's ghost
  2187 | D:3      | Gained mutation: Your spells are a little harder to cast, but a little more powerful. [potion of beneficial mutation]
  2226 | D:3      | Gained mutation: You possess an exceptional clarity of mind. [potion of beneficial mutation]
  2381 | D:3      | Reached skill level 7 in Slings
  2381 | D:3      | Reached XP level 6. HP: 26/38 MP: 6/6
  3719 | D:4      | Reached skill level 8 in Slings
  3719 | D:4      | Reached XP level 7. HP: 36/43 MP: 7/7
  3815 | D:5      | Entered Level 5 of the Dungeon
  3882 | D:5      | Reached skill level 1 in Throwing
  3960 | D:5      | Paralysed by a potion of paralysis for 2 turns
  3987 | D:5      | Found a radiant altar of Vehumet.
  4433 | D:6      | Got a fine quarterstaff
  4434 | D:6      | Identified the cursed +0,+0 quarterstaff of the Two Names {flame, Hunger rElec rPois} (You took it off an orc on level 6 of the Dungeon)
  4476 | D:6      | Reached skill level 9 in Slings
  4746 | D:6      | Reached XP level 8. HP: 37/48 MP: 8/8
  5064 | D:6      | Identified the Collected Works on Beguiling
  5383 | D:7      | Found a staircase to the Ecumenical Temple.
  5392 | D:7      | Reached skill level 5 in Throwing
  5413 | Temple   | Entered the Ecumenical Temple
  5437 | Temple   | Became a worshipper of Fedhas Madash
  5520 | D:7      | Found a deep blue altar of Sif Muna.
  5555 | D:7      | Noticed Joseph
  5968 | D:7      | Reached skill level 10 in Slings
  6233 | D:7      | Killed Joseph
  6233 | D:7      | Reached XP level 9. HP: 28/53 MP: 9/9
  6354 | D:7      | Reached skill level 11 in Slings
  6650 | D:7      | Acquired Fedhas' first power
  6822 | D:8      | Noticed a centaur warrior
  7096 | D:9      | Got an iridescent dire flail
  7097 | D:9      | Identified the +5,+8 dire flail of Departure {venom, Contam Str+3 Int+2} (You found it on level 9 of the Dungeon)
  7156 | D:9      | Reached skill level 1 in Invocations
  7840 | D:9      | Reached skill level 12 in Slings
  8285 | D:9      | Noticed a flaming corpse
  8346 | D:8      | Noticed a hill giant
  8349 | D:8      | Killed a hill giant
  8349 | D:8      | Reached XP level 10. HP: 41/58 MP: 13/13
  8397 | D:8      | Reached skill level 13 in Slings
  8796 | D:8      | Paralysed by a giant eyeball for 2 turns
  8836 | D:8      | Killed a centaur warrior
  9108 | D:8      | Found a staircase to the Lair.
  9137 | D:8      | Noticed a komodo dragon
  9150 | D:8      | Killed a komodo dragon
  9303 | D:8      | Found an ancient bone altar of Kikubaaqudgha.
  9303 | D:8      | Found a shattered altar of Ashenzari.
  9772 | D:8      | Reached skill level 5 in Invocations
  9927 | D:8      | Gained mutation: You are resistant to hostile enchantments. [potion of mutation]
  9928 | D:8      | Gained mutation: Your body is misshapen. [potion of mutation]
  9928 | D:8      | Gained mutation: Your muscles are strong. (Str +2) [potion of mutation]
  9928 | D:8      | Gained mutation: Space occasionally distorts in your vicinity. [potion of mutation]
  9989 | D:10     | Entered Level 10 of the Dungeon
 10062 | D:10     | Reached skill level 14 in Slings
 10063 | D:10     | Acquired Fedhas' second power
 10369 | D:10     | Reached XP level 11. HP: 57/63 MP: 20/20
 10408 | D:10     | Found a staircase to the Orcish Mines.
 10451 | D:10     | Found a portal to a secret trove of treasure.
 10576 | D:10     | Noticed a skeletal warrior
 10585 | D:10     | Noticed a necromancer
 10587 | D:10     | Killed a skeletal warrior
 10590 | D:10     | Killed a necromancer
 10836 | D:10     | Found a roughly hewn altar of Beogh.
 10977 | D:10     | Acquired Fedhas' third power
 11118 | D:11     | Gained mutation: One of your tentacles bears a spike. [potion of beneficial mutation]
 11476 | Orc:1    | Entered Level 1 of the Orcish Mines
 11491 | Orc:1    | HP: 3/63 [orc wizard/magic dart (9)]
 11492 | Orc:1    | Killed from afar by an orc wizard

Action                   |  1- 3 |  4- 6 |  7- 9 | 10-12 || total
-------------------------+-------+-------+-------+-------++-------
Melee: Short sword       |    65 |       |       |       ||    65
       Hand axe          |     5 |       |       |       ||     5
       Spear             |       |    36 |    73 |    34 ||   143
 Fire: Sling             |     3 |   156 |   293 |   421 ||   873
Throw: Javelin           |       |     7 |    28 |    13 ||    48
       Stone             |       |       |     1 |       ||     1
Invok: Evolution         |       |       |     5 |     6 ||    11
       Sunlight          |       |       |       |     3 ||     3
Evoke: Wand              |       |       |     8 |     3 ||    11
  Use: Potion            |     2 |     6 |     9 |    10 ||    27
       Scroll            |       |     7 |     9 |     8 ||    24
 Stab: Sleeping          |     5 |     4 |     1 |       ||    10
       Distracted        |     1 |       |       |       ||     1
